 Dungeon Sprint DCSS version 0.20-b1-2-gc5a9893 (webtiles) character file.

28299 potatolord6000 the Imperceptible (level 13, -2/79 HPs)
             Began as a Spriggan Assassin on May 19, 2017.
             Was an Initiate of Gozag.
             Slain by an emperor scorpion (14 damage)
             ... in the Dungeon (Sprint IX: "|||||||||||||||||||||||||||||") on May 22, 2017.
             The game lasted 00:13:48 (3025 turns).

potatolord6000 the Imperceptible (SpAs)             Turns: 3025, Time: 00:13:48

Health: -2/79      AC:  9    Str: 12    XL:     13   Next: 9%
Magic:  14/14      EV: 46    Int: 18    God:    Gozag
Gold:   1471       SH:  0    Dex: 26    Spells: 12/12 levels left

rFire    . . .     SeeInvis +   j - +2 rapier (flame)
rCold    . . .     Gourm    .   (shield restricted)
rNeg     . . .     Faith    .   r - +4 robe of Augmentation {Str+4 Int+4 Dex+4}
rPois    .         Spirit   .   (helmet restricted)
rElec    .         Reflect  .   d - +2 cloak
rCorr    .         Harm     .   (gloves unavailable)
MR       ++...     NoTele   +   (boots unavailable)
Stlth    +++++++++.             (no amulet)
Regen    0.3/turn               a - +2 ring of evasion
MPRegen  0.2/turn               b - ring of Koityf {EV+3 Int+2}

@: lethally poisoned (-2 -> -18), very quick
A: unfitting armour, see invisible, herbivore 3, speed 3, slow metabolism 2
a: Potion Petition, Call Merchant, Bribe Branch, Renounce Religion


You were in the Dungeon.
You worshipped Gozag.
Gozag was most pleased with you.
You were very full.

You visited 1 branch You collected 12021 gold pieces.
You spent 2297 gold pieces at shops.
You paid 8253 gold pieces to Gozag.

Inventory:

Hand Weapons
 j - a +2 rapier of flaming (weapon)
Armour
 d - a +2 cloak (worn)
 r - the +4 robe of Augmentation (worn) {Str+4 Int+4 Dex+4}
   (You bought it in a shop in the Dungeon)

   It affects your strength (+4).
   It affects your intelligence (+4).
   It affects your dexterity (+4).
Jewellery
 a - a +2 ring of evasion (left hand)
 b - the ring of Koityf (right hand) {EV+3 Int+2}
   (You bought it in a shop in the Dungeon)

   [ring of evasion]

   It affects your evasion (+3).
   It affects your intelligence (+2).
Scrolls
 e - 5 scrolls of remove curse
 f - 2 scrolls of amnesia
 m - 6 scrolls of blinking
 n - 2 scrolls of fog
 o - a scroll of fear
 p - a scroll of recharging
Potions
 g - a potion of brilliance
 h - 3 potions of curing
 i - 4 potions of heal wounds
 k - 4 potions of magic
 s - 2 potions of ambrosia {unknown}
Comestibles
 l - 40 fruits
 q - 11 bread rations


   Skills:
 + Level 14.6 Fighting
 + Level 18.3 Short Blades
 - Level 2.0 Throwing
 + Level 22.4 Dodging
 + Level 24.4 Stealth


You had 12 spell levels left.
You didn't know any spells.

Dungeon Overview and Level Annotations

Branches:
Dungeon (1/1)

Altars:
Cheibriados
Dithmenos
Elyvilon
Fedhas
Gozag
Hepliaklqana
Kikubaaqudgha
Makhleb
Nemelex Xobeh
Okawaru
Qazlal
Ru
Sif Muna
Trog
Uskayaw
Vehumet
Xom
Yredelemnul
Zin
The Shining One
Beogh
Jiyva
Lugonu

Shops:
D (?[*(([=?==


Innate Abilities, Weirdness & Mutations

You are very small and have problems with some larger weapons.
You are too small for most types of armour.
You have supernaturally acute eyesight. (SInv)
You are a herbivore.
You cover ground extremely quickly.
You need consume almost no food.


Message History

You hit the emperor scorpion. You burn the emperor scorpion.
The emperor scorpion is moderately wounded.
* * * LOW HITPOINT WARNING * * *
You feel sick.
You miss the emperor scorpion.
The emperor scorpion is moderately wounded.
* * * LOW HITPOINT WARNING * * *
You feel sick.
The emperor scorpion completely misses you. x3
Unknown command.
Unknown command.
You hit the emperor scorpion but do no damage.
The emperor scorpion is moderately wounded.
Unknown command.
You closely miss the emperor scorpion.
The emperor scorpion is moderately wounded.
* * * LOW HITPOINT WARNING * * *
You feel sick. The emperor scorpion stings you!
You die...
Your body crumbles into a pile of gold.

▓)▓.▓)▓.▓)▓.▓.▓.▓_
▓.▓.▓)▓.▓.▓.▓.▓.▓_
▓.▓.▓)▓.▓.▓.▓'▓.▓_
▓.▓.▓)▓.▓.▓.▓.▓.▓_
▓.▓.▓.▓.▓.▓.▓.▓.▓_
▓.▓.▓[▓.▓[▓.▓∩▓.▓_
▓'▓.▓[▓.▓[▓.▓.▓.▓_
▓$▓.▓[▓.▓[▓.▓.▓.▓_
▓@▓.▓[▓.▓'▓.▓.▓.▓_
▓s▓.▓[▓.▓)▓.▓.▓.▓_
▓s▓.▓[▓.▓)▓.▓.▓.▓_
▓.▓.▓[▓.▓)▓.▓.▓.▓_
▓.▓.▓[▓.▓)▓.▓'▓.▓_
▓.▓.▓.▓.▓[▓)▓.▓.▓_
▓.▓.▓.▓.▓[▓.▓.▓.▓_
▓.▓.▓.▓.▓[▓.▓.▓.▓_
♣+♣.▓.▓.▓[▓.▓.▓.▓_


You could see an emperor scorpion and a wolf spider.

Vanquished Creatures
  A lich (D)
  Kirke (D)
  A stone giant (D)
  2 dire elephants (D)
  2 merfolk impalers (D)
  A fire dragon (D)
  2 ogre magi (D)
  A hydra (D)
  4 two-headed ogres (D)
  A satyr (D)
  Sonja (D)
  A sea snake (D)
  A glowing orange brain (D)
  2 orc knights (D)
  3 wolf spiders (D)
  An ugly thing (D)
  A cyclops (D)
  A manticore (D)
  6 elephants (D)
  Psyche (D)
  2 gargoyles (D)
  A komodo dragon (D)
  An efreet (D)
  A meliai (shapeshifter) (D)
  A merfolk (D)
  A wind drake (D)
  A hornet (D)
  A raiju (shapeshifter) (D)
  A blink frog (D)
  A hippogriff (D)
  A shadow (D)
  A vampire (D)
  2 redbacks (D)
  A tarantella (D)
  3 hogs (D)
  2 yaks (D)
  A hungry ghost (D)
  4 water moccasins (D)
  A porcupine (D)
  10 orc warriors (D)
  8 ogres (D)
  2 centaurs (D)
  4 crocodiles (D)
  6 bullfrogs (D)
  A killer bee (D)
  2 orc priests (D)
  An iguana (D)
  6 orc wizards (D)
  A worker ant (D)
  An adder (D)
  9 orcs (D)
  A bat skeleton (D)
  A bat zombie (D)
  A giant cockroach (D)
  A goblin (D)
  A hobgoblin (D)
  2 jackals (D)
  A kobold (D)
  2 rats (D)
122 creatures vanquished.

Vanquished Creatures (others)
  An unseen horror (D)
  A human (D)
2 creatures vanquished.

Grand Total: 124 creatures vanquished

Notes
Turn   | Place    | Note
-------+----------+-------------------------------------------
     0 | D        | potatolord6000 the Spriggan Assassin began the quest for the Orb.
     0 | D        | Reached XP level 1. HP: 10/10 MP: 2/2
     8 | D        | Reached skill level 6 in Stealth
    73 | D        | Noticed an orc wizard
    84 | D        | Reached XP level 2. HP: 15/15 MP: 3/3
    96 | D        | Reached skill level 7 in Stealth
    96 | D        | Reached XP level 3. HP: 15/20 MP: 4/4
   101 | D        | Found a roughly hewn altar of Beogh.
   101 | D        | Found a snail-covered altar of Cheibriados.
   101 | D        | Found a shadowy altar of Dithmenos.
   101 | D        | Found a white marble altar of Elyvilon.
   101 | D        | Found a blossoming altar of Fedhas.
   101 | D        | Found an opulent altar of Gozag.
   102 | D        | Found a hazy altar of Hepliaklqana.
   103 | D        | Found a viscous altar of Jiyva.
   104 | D        | Found an ancient bone altar of Kikubaaqudgha.
   105 | D        | Found a corrupted altar of Lugonu.
   106 | D        | Found a burning altar of Makhleb.
   107 | D        | Found a sparkling altar of Nemelex Xobeh.
   108 | D        | Found an iron altar of Okawaru.
   109 | D        | Became a worshipper of Gozag Ym Sagoz the Greedy
   110 | D        | Found a stormy altar of Qazlal.
   111 | D        | Found a sacrificial altar of Ru.
   112 | D        | Found a deep blue altar of Sif Muna.
   113 | D        | Found a bloodstained altar of Trog.
   114 | D        | Found a hide-covered altar of Uskayaw.
   115 | D        | Found a radiant altar of Vehumet.
   117 | D        | Found a shimmering altar of Xom.
   118 | D        | Found a basalt altar of Yredelemnul.
   119 | D        | Found a glowing silver altar of Zin.
   120 | D        | Found a glowing golden altar of the Shining One.
   267 | D        | Noticed an orc warrior
   267 | D        | Noticed a hippogriff
   267 | D        | Noticed a killer bee
   267 | D        | Noticed a bullfrog
   270 | D        | Reached skill level 5 in Dodging
   270 | D        | Reached skill level 8 in Stealth
   274 | D        | Killed an orc warrior
   274 | D        | Reached skill level 9 in Stealth
   274 | D        | Reached XP level 4. HP: 26/26 MP: 5/5
   274 | D        | Reached XP level 5. HP: 30/30 MP: 6/6
   278 | D        | Killed a hippogriff
   278 | D        | Reached skill level 5 in Fighting
   278 | D        | Reached skill level 11 in Stealth
   278 | D        | Reached XP level 6. HP: 36/36 MP: 7/7
   282 | D        | Reached skill level 10 in Dodging
   282 | D        | Reached skill level 12 in Stealth
   312 | D        | Noticed a shadow
   316 | D        | Reached XP level 7. HP: 41/41 MP: 8/8
   355 | D        | Killed a shadow
   355 | D        | Reached skill level 13 in Stealth
   538 | D        | Noticed a blink frog
   538 | D        | Noticed a five-headed hydra
   543 | D        | Noticed a yak
   544 | D        | Killed a blink frog
   544 | D        | Reached skill level 14 in Stealth
   544 | D        | Reached XP level 8. HP: 46/46 MP: 9/9
   563 | D        | Killed a five-headed hydra
   563 | D        | Reached skill level 15 in Stealth
   578 | D        | Reached XP level 9. HP: 15/52 MP: 10/10
   582 | D        | Reached skill level 16 in Stealth
   612 | D        | Noticed a komodo dragon
   619 | D        | Killed a komodo dragon
   642 | D        | Reached skill level 15 in Dodging
   645 | D        | Reached skill level 17 in Stealth
   779 | D        | Bought the ring of Koityf {EV+3 Int+2} for 418 gold pieces
   910 | D        | Noticed an elephant
   910 | D        | Noticed an elephant
   910 | D        | Noticed an elephant
   910 | D        | Noticed a dire elephant
   910 | D        | Noticed an elephant
   910 | D        | Noticed an elephant
   911 | D        | Noticed an elephant
   913 | D        | Noticed a dire elephant
   932 | D        | Killed an elephant
   949 | D        | Killed an elephant
   949 | D        | Reached skill level 10 in Fighting
   986 | D        | Killed an elephant
   986 | D        | Reached XP level 10. HP: 59/59 MP: 11/11
  1013 | D        | Killed an elephant
  1013 | D        | Reached skill level 18 in Stealth
  1019 | D        | Killed a dire elephant
  1027 | D        | Killed an elephant
  1036 | D        | Killed a dire elephant
  1036 | D        | Reached skill level 19 in Stealth
  1042 | D        | Killed an elephant
  1142 | D        | Noticed Sonja
  1149 | D        | Killed Sonja
  1170 | D        | Noticed Psyche
  1177 | D        | Killed Psyche
  1177 | D        | Reached XP level 11. HP: 65/65 MP: 12/12
  1412 | D        | Noticed an orc knight
  1415 | D        | Noticed an orc knight
  1428 | D        | Killed an orc knight
  1428 | D        | Reached skill level 20 in Stealth
  1477 | D        | Killed an orc knight
  1500 | D        | Reached skill level 15 in Short Blades
  1542 | D        | Bought a scroll of brand weapon for 240 gold pieces
  1547 | D        | Found Ohenog's Armour Emporium.
  1547 | D        | Noticed an ogre mage
  1547 | D        | Noticed a two-headed ogre
  1550 | D        | Found Umnoxutu's Assorted Antiques.
  1555 | D        | Found Uceucimn's Antique Weapon Emporium.
  1563 | D        | Killed an ogre mage
  1565 | D        | Noticed a two-headed ogre
  1586 | D        | Killed a two-headed ogre
  1587 | D        | Found Ufri's Weapon Shoppe.
  1599 | D        | Reached skill level 21 in Stealth
  1605 | D        | Noticed a two-headed ogre
  1610 | D        | Killed a two-headed ogre
  1611 | D        | Noticed a two-headed ogre
  1628 | D        | Killed a two-headed ogre
  1639 | D        | Killed a two-headed ogre
  1833 | D        | Noticed an unseen horror
  1838 | D        | Noticed a stone giant
  1863 | D        | Noticed an ogre mage
  1870 | D        | Killed an unseen horror
  1871 | D        | Noticed a lich
  1884 | D        | Killed a stone giant
  1884 | D        | Reached skill level 22 in Stealth
  1884 | D        | Reached XP level 12. HP: 24/73 MP: 13/13
  1895 | D        | Noticed a fire dragon
  1903 | D        | Killed an ogre mage
  1905 | D        | Killed a lich
  1917 | D        | Killed a fire dragon
  1922 | D        | Reached skill level 23 in Stealth
  2077 | D        | Bought the +4 robe of Augmentation {Str+4 Int+4 Dex+4} for 1639 gold pieces
  2301 | D        | Upgraded the game from 0.20-b1 to 0.20-b1-2-gc5a9893
  2303 | D        | Noticed Kirke
  2313 | D        | Killed Kirke
  2582 | D        | Noticed a merfolk impaler
  2582 | D        | Noticed a merfolk impaler
  2584 | D        | Killed a merfolk impaler
  2587 | D        | Noticed a satyr
  2619 | D        | Killed a merfolk impaler
  2676 | D        | Reached skill level 24 in Stealth
  2696 | D        | Killed a satyr
  2926 | D        | Noticed an emperor scorpion
  2937 | D        | Reached XP level 13. HP: 64/79 MP: 14/14
  2971 | D        | Paralysed by a hornet for 3 turns
  3025 | D        | Slain by an emperor scorpion

Skill      XL: |  1  2  3  4  5  6  7  8  9 10 11 12 |
---------------+-------------------------------------+-----
Stealth        | 6 7 9 11 12 14 15 17 19 22 24 | 24.4
Dodging        | 3 4 7 9 10 12 13 15 17 20 22 | 22.4
Fighting       | 2 3 4 5 6 7 8 10 11 13 14 | 14.6
Short Blades   | 3 4 6 7 8 9 11 13 14 16 18 | 18.3
Throwing       | |  2.0

Action                   |  1- 3 |  4- 6 |  7- 9 | 10-12 | 13-15 || total
-------------------------+-------+-------+-------+-------+-------++-------
Melee: Dagger            |    33 |       |       |       |       ||    33
       Rapier            |     6 |     8 |   192 |   416 |    80 ||   702
Invok: Call Merchant     |       |       |     2 |     5 |       ||     7
       Potion Petition   |       |       |       |     2 |       ||     2
  Use: Potion            |     3 |       |     5 |    10 |       ||    18
       Scroll            |       |       |     2 |     3 |       ||     5
 Stab: Sleeping          |     3 |     2 |     3 |    14 |       ||    22
       Invisible         |     2 |     5 |       |       |       ||     7
       Distracted        |       |       |     4 |     8 |     1 ||    13
  Eat: Bread ration      |       |       |     1 |     1 |       ||     2
Armor: Robe              |     2 |       |     4 |     5 |    10 ||    21
Dodge: Dodged            |    16 |     4 |   148 |   216 |    87 ||   471
